 Dungeon Crawl Stone Soup version 0.19.1-1-g22dce08 (webtiles) character file.

281 Alarkh the Chopper (level 6, 47/47 HPs)
             Began as a Demonspawn Monk on Jan 12, 2017.
             Quit the game on level 4 of the Dungeon.
             The game lasted 00:03:01 (3260 turns).

Alarkh the Chopper (Demonspawn Monk)                Turns: 3260, Time: 00:03:02

Health: 47/47      AC:  2    Str: 10 (11) XL:     6   Next: 6%
Magic:  6/6        EV: 13    Int: 14      God:
Gold:   183        SH:  4    Dex: 15      Spells: 0 memorised, 5 levels left

rFire  . . .     SeeInvis .     a - +0 war axe
rCold  . . .     Gourm    .     b - +0 robe
rNeg   . . .     Faith    .     (no shield)
rPois  .         Spirit   .     (no helmet)
rElec  .         Reflect  .     (no cloak)
rCorr  .         Harm     .     (no gloves)
MR     .....                    (no boots)
Stlth  +++.......               (no amulet)
                                (no ring)
                                (no ring)

@: no status effects
A: talons 1, large bone plates 1, camouflage 1, demonic guardian 1,
deterioration 1
a: no special abilities


You were on level 4 of the Dungeon.
You were not hungry.

You visited 1 branch of the dungeon, and saw 4 of its levels.

You collected 183 gold pieces.

Inventory:

Hand Weapons
 a - a +0 war axe (weapon)
 j - a +0 hand axe
Armour
 b - a +0 robe (worn)
Jewellery
 r - an uncursed ring of fire
 s - an uncursed ring of see invisible {unknown}
Scrolls
 d - a scroll of amnesia {unknown}
 i - 2 scrolls of remove curse
 l - 3 scrolls of identify {unknown}
 m - 3 scrolls of teleportation {unknown}
 n - a scroll of enchant weapon {unknown}
 o - a scroll of fog {unknown}
 p - a scroll of recharging {unknown}
Potions
 e - a potion of degeneration
 q - a potion of haste
Comestibles
 c - 3 bread rations
 f - 4 fruits
 g - 2 meat rations
 h - 8 chunks of flesh
 k - a beef jerky


   Skills:
 - Level 3.0 Fighting
 + Level 6.2 Axes
 - Level 2.6 Dodging
 - Level 1.7 Stealth


You had 5 spell levels left.
You didn't know any spells.

Dungeon Overview and Level Annotations

Branches:
Dungeon (4/15)             Temple (0/1) D:4

Altars:
Ashenzari
Elyvilon
Nemelex Xobeh

Annotations:
D:3 1 runed door


Innate Abilities, Weirdness & Mutations

You have sharp toenails.
You are partially covered in large bone plates. (SH +4)
A weak demonic guardian rushes to your aid.
Your skin changes colour to match your surroundings (Stealth+).
Your body sometimes deteriorates upon taking damage.


Message History

You feel clever.
Your demonic ancestry asserts itself...
Your toenails lengthen and sharpen.
Your shadow imp disappears in a puff of smoke!
Things that are here:
a giant spiked club; an ogre corpse You butcher the ogre corpse.
h - 8 chunks of flesh (gained 4)
You see here a giant spiked club. x2
s - a glass ring You open the door.
There is an open door here.
You open the door.
Found a staircase to the Ecumenical Temple.
There is an open door here.
HP restored.
You now have 183 gold pieces (gained 18).
You open the door.
There is an open door here.
You feel a little less agile now.
Are you sure you want to abandon this character and quit the game? (Confirm with "yes".)

#..#### #.....#..###.
#.....#......
#.....#......
#.....#......
#.....#......
#+####.....#####'#
######.#...............
#.....@#...............
#......'...............
##+#####..........>....
.........###########
.........# ..........#
..........# ..........#
..........#


There were no monsters in sight!

Vanquished Creatures
  Jessica (D:3)
  Ijyb (D:2)
  An adder (D:3)
  An ooze (D:1)
  3 worms (D:3)
  3 dart slugs
  3 leopard geckos
  8 orcs
  3 ball pythons
  9 bats
  2 giant cockroaches
  7 goblins
  3 hobgoblins
  4 jackals (D:2)
  3 kobolds
  3 quokkas
  4 frilled lizards
  3 rats
62 creatures vanquished.

Vanquished Creatures (collateral kills)
  An ogre (D:4)
  3 orc wizards
  An orc priest (D:3)
  A worm (D:3)
6 creatures vanquished.

Grand Total: 68 creatures vanquished

Notes
Turn   | Place    | Note
-------+----------+-------------------------------------------
     0 | D:1      | Alarkh the Demonspawn Monk began the quest for the Orb.
     0 | D:1      | Reached XP level 1. HP: 18/18 MP: 1/1
   214 | D:1      | Reached skill level 3 in Axes
   220 | D:1      | Gained mutation: You are partially covered in large bone plates. (SH +4) [demonic ancestry]
   220 | D:1      | Reached XP level 2. HP: 12/24 MP: 2/2
   480 | D:1      | Found a shattered altar of Ashenzari.
   846 | D:2      | Noticed Ijyb
   856 | D:2      | Killed Ijyb
   856 | D:2      | Reached skill level 4 in Axes
   856 | D:2      | Gained mutation: A weak demonic guardian rushes to your aid. [demonic ancestry]
   856 | D:2      | Reached XP level 3. HP: 27/29 MP: 3/3
  1143 | D:2      | Found a sparkling altar of Nemelex Xobeh.
  1334 | D:3      | Reached XP level 4. HP: 33/35 MP: 4/4
  1997 | D:3      | Gained mutation: Your body sometimes deteriorates upon taking damage. [potion of mutation]
  1997 | D:3      | Gained mutation: Your skin changes colour to match your surroundings (Stealth+). [potion of mutation]
  1999 | D:3      | Reached skill level 5 in Axes
  2001 | D:3      | Reached XP level 5. HP: 21/41 MP: 5/5
  2257 | D:3      | Noticed Jessica
  2259 | D:3      | Killed Jessica
  2804 | D:3      | Found a white marble altar of Elyvilon.
  2805 | D:3      | Found a runed door.
  2805 | D:3      | Noticed an angel
  3193 | D:4      | Noticed an ogre
  3206 | D:4      | Killed an ogre
  3206 | D:4      | Reached skill level 6 in Axes
  3206 | D:4      | Gained mutation: You have sharp toenails. [demonic ancestry]
  3206 | D:4      | Reached XP level 6. HP: 41/47 MP: 6/6
  3241 | D:4      | Found a staircase to the Ecumenical Temple.
  3260 | D:4      | Quit the game

Skill      XL: |  1  2  3  4  5 |
---------------+----------------+-----
Axes           | 3 4 5 6 |  6.2
Fighting       | |  3.0
Dodging        | |  2.6
Stealth        | |  1.7

Action                   |  1- 3 |  4- 6 || total
-------------------------+-------+-------++-------
Melee: Hand axe          |    89 |    21 ||   110
       War axe           |       |    99 ||    99
  Use: Scroll            |     1 |     1 ||     2
       Potion            |       |     6 ||     6
 Stab: Sleeping          |     3 |     1 ||     4
  Eat: Chunk             |     1 |     7 ||     8
Armor: Robe              |    13 |    12 ||    25
       Skin              |       |     4 ||     4
Dodge: Dodged            |    75 |    61 ||   136
Block: Other             |    12 |    15 ||    27
